 Dungeon Crawl Stone Soup version 0.18.1-50-g88ac8fd (webtiles) character file.

3297 CockoTheClown the Fighter (level 9, -2/83 HPs)
             Began as a Black Draconian Gladiator on Nov 18, 2016.
             Was a Priest of Qazlal.
             Slain by a four-headed hydra (4 damage)
             ... on level 8 of the Dungeon.
             The game lasted 00:54:59 (8027 turns).

CockoTheClown the Fighter (DrGl)                    Turns: 8027, Time: 00:55:01

Health: -2/83      AC:  8    Str: 20    XL:     9   Next: 70%
Magic:  9/12       EV: 15    Int:  9    God:    Qazlal [***...]
Gold:   57         SH:  8    Dex: 12    Spells: 0 memorised, 8 levels left

rFire  + . .     SeeInvis .     e - +1 quarterstaff (crush)
rCold  . . .     Gourm    .     (armour unavailable)
rNeg   . . .     Faith    .     (shield currently unavailable)
rPois  .         Spirit   .     b - +1 hat
rElec  +         Dismiss  .     (no cloak)
rCorr  .         Reflect  +     (no gloves)
SustAt .         Harm     .     (no boots)
MR     .....                    t - +5 amulet of reflection
Stlth  +.........               (no ring)
                                o - ring of protection from fire

@: short of breath, hasted, drained, very quick, not resistant to hostile
enchantments, very unstealthy
A: breathe lightning, unfitting armour, electricity resistance, cold-blooded, AC
+7
a: Breathe Lightning, Upheaval, Elemental Force, Renounce Religion


You were on level 8 of the Dungeon.
You worshipped Qazlal.
Qazlal was most pleased with you.
You were not hungry.

You visited 2 branches of the dungeon, and saw 9 of its levels.
You also visited: Sewer.

You collected 432 gold pieces.
You spent 375 gold pieces at shops.

Inventory:

Hand Weapons
 a - a +1 quarterstaff
 e - a +1 quarterstaff of crushing (weapon)
Missiles
 h - 5 javelins
 l - 17 poisoned needles
 y - 3 throwing nets (quivered)
Armour
 b - a +1 hat (worn)
Jewellery
 g - an uncursed ring of fire
 o - a ring of protection from fire (left hand)
 t - a +5 amulet of reflection (around neck)
 E - an uncursed ring of wizardry
Wands
 c - a wand of iceblast (7/15)
 w - a wand of polymorph (10/24)
 C - a wand of flame (48/48)
Scrolls
 m - 6 scrolls of remove curse
 n - 2 scrolls of teleportation
 p - 2 scrolls of enchant armour
Potions
 f - 3 potions of might
 j - 8 potions of curing
 r - 2 potions of agility
 s - 5 potions of brilliance
 u - 2 potions of flight
 x - a potion of mutation {unknown}
 z - a potion of degeneration {unknown}
 F - a potion of resistance
Comestibles
 d - 8 bread rations
 i - 4 meat rations
 D - 8 fruits


   Skills:
 - Level 9.1(8.8) Fighting
 + Level 7.6(7.3) Staves
 - Level 1.7(1.5) Throwing
 - Level 7.2(6.9) Dodging
 - Level 0.4(0.1) Stealth
 - Level 5.0(4.7) Invocations


You had 8 spell levels left.
You didn't know any spells.

Dungeon Overview and Level Annotations

Branches:
Dungeon (8/15)             Temple (1/1) D:7
   Lair: D:8-11

Altars:
Elyvilon
Fedhas
Gozag
Makhleb
Nemelex Xobeh
Pakellas
Qazlal
Ru
Sif Muna
Xom
Zin

Shops:
D:5 =   D:6 (   D:7 *

Annotations:
D:4 exclusion: downstairs
D:5 Reflect 375
D:7 exclusion: downstairs
D:8 Gastronok


Innate Abilities, Weirdness & Mutations

You can breathe wild blasts of lightning.
Your glossy black scales are hard (AC +7).
Your body does not fit into most forms of armour.
You are resistant to electric shocks.
You are cold-blooded and may be slowed by cold attacks.


Message History

The four-headed hydra bites you!
You block the four-headed hydra's attack.
The four-headed hydra closely misses you.
The four-headed hydra barely misses you.
You barely miss the four-headed hydra.
The four-headed hydra is severely wounded.
You block the four-headed hydra's attack.
The four-headed hydra bites you!
* * * LOW HITPOINT WARNING * * *
You block the four-headed hydra's attack.
The four-headed hydra bites you but does no damage.
Drink which item? (? for menu, Esc to quit)
You feel yourself speed up.
The four-headed hydra bites you but does no damage.
The four-headed hydra bites you!
* * * LOW HITPOINT WARNING * * *
The four-headed hydra bites you!
* * * LOW HITPOINT WARNING * * *
The four-headed hydra bites you.
You die...

........#
#<........
#.......
###.......
#.....D ###...8.
..... ###...
#..# ###(
########..# ##
#.........#
#.######.## #.#
#@# #.# #D# #.#
#.#
#<######.##.###
#...............
###########.####
#


You could see a four-headed hydra.

Vanquished Creatures
  Joseph (D:7)
  The ghost of yuiikari the Cudgeler, an amateur GrGl (D:5)
  Menkaure (D:6)
  Duvessa (D:6)
  An orc warrior (D:7)
  3 sky beasts
  An ice beast (D:8)
  2 ogres
  A phantom (D:4)
  2 centaurs
  2 big kobolds (Sewer)
  2 scorpions (D:4)
  A water moccasin skeleton (D:7)
  Dowan (D:6)
  3 wights (D:8)
  3 howler monkeys (D:7)
  2 crimson imps
  A giant frog zombie (D:6)
  A quasit (D:7)
  A jelly (D:8)
  4 hounds
  2 giant frog skeletons
  5 orc wizards
  5 orc priests
  An iguana (D:4)
  7 worker ants
  A mummy (D:5)
  3 gnolls (D:5)
  8 adders
  A river rat (D:3)
  2 shadow imps (D:5)
  3 oozes (Sewer)
  2 adder skeletons
  An adder zombie (D:5)
  2 worms
  7 giant geckos
  19 orcs
  7 bats
  13 giant cockroaches
  3 hobgoblins
  7 jackals
  7 quokkas
  A ball python (D:4)
  9 giant newts
  6 goblins
  2 hobgoblin zombies (D:5)
  19 kobolds
  2 orc zombies (D:5)
  13 rats
193 creatures vanquished.

Vanquished Creatures (others)
  5 sheep (D:7)
  A plant (Sewer)
6 creatures vanquished.

Grand Total: 199 creatures vanquished

Notes
Turn   | Place    | Note
--------------------------------------------------------------
     0 | D:1      | CockoTheClown the Draconian Gladiator began the quest for the Orb.
     0 | D:1      | Reached XP level 1. HP: 17/17 MP: 1/1
   194 | D:1      | Reached XP level 2. HP: 24/24 MP: 2/2
   688 | D:2      | Reached XP level 3. HP: 29/29 MP: 3/3
   970 | D:2      | Reached XP level 4. HP: 36/36 MP: 4/4
   999 | D:2      | Reached skill level 5 in Staves
  1436 | D:3      | Reached skill level 3 in Fighting
  1538 | D:3      | Found a stormy altar of Qazlal.
  1545 | D:3      | Became a worshipper of Qazlal Stormbringer
  1651 | D:3      | Found a sacrificial altar of Ru.
  1826 | D:3      | Reached XP level 5. HP: 42/45 MP: 5/5
  1835 | D:3      | Found a glowing drain.
  1839 | Sewer    | Entered a sewer
  2007 | Sewer    | Reached skill level 4 in Fighting
  2249 | Sewer    | Reached skill level 5 in Fighting
  2251 | Sewer    | Reached * piety under Qazlal
  2269 | Sewer    | Reached XP level 6. HP: 42/56 MP: 6/6
  2701 | D:4      | Found a deep blue altar of Sif Muna.
  2702 | D:4      | Found a sacrificial altar of Ru.
  2703 | D:4      | Found an oddly glowing altar of Pakellas.
  2718 | D:4      | Reached skill level 6 in Fighting
  2727 | D:4      | Found a burning altar of Makhleb.
  2917 | D:4      | Got an ancient buckler
  3189 | D:4      | Reached skill level 7 in Fighting
  3189 | D:4      | Your scales start taking on a glossy black colour.
  3189 | D:4      | Reached XP level 7. HP: 64/66 MP: 7/7
  3189 | D:4      | Gained mutation: You are resistant to electric shocks. [Black Draconian growth]
  3661 | D:5      | Entered Level 5 of the Dungeon
  3740 | D:5      | Found Pumaum's Jewellery Emporium.
  3741 | D:5      | Noticed yuiikari's ghost (amateur GrGl)
  3741 | D:5      | Reached skill level 8 in Fighting
  3803 | D:5      | Killed yuiikari's ghost
  3803 | D:5      | Reached ** piety under Qazlal
  3803 | D:5      | Reached skill level 9 in Fighting
  3922 | D:5      | Reached XP level 8. HP: 56/78 MP: 7/9
  4560 | D:6      | Noticed Dowan
  4573 | D:6      | Killed Dowan
  4597 | D:6      | Noticed Duvessa
  4620 | D:6      | Killed Duvessa
  4899 | D:6      | Reached skill level 5 in Invocations
  4965 | D:6      | Noticed Menkaure
  4975 | D:6      | Killed Menkaure
  5248 | D:6      | Found Bethudde's Weapon Emporium.
  5794 | D:6      | Reached skill level 5 in Dodging
  5956 | D:7      | Reached *** piety under Qazlal
  6020 | D:7      | Reached XP level 9. HP: 72/83 MP: 12/12
  6523 | D:7      | Found a staircase to the Ecumenical Temple.
  6552 | Temple   | Entered the Ecumenical Temple
  6700 | D:7      | Found a shimmering altar of Xom.
  6737 | D:7      | Found Guutueti's Assorted Antiques.
  6770 | D:7      | Noticed Joseph
  6852 | D:7      | Killed Joseph
  7245 | D:5      | Bought a +5 amulet of reflection for 375 gold pieces
  7940 | D:8      | Noticed Gastronok
  8004 | D:8      | Noticed a four-headed hydra
  8027 | D:8      | HP: 2/83 [four-headed hydra (8)]
  8027 | D:8      | Slain by a four-headed hydra

Skill      XL: |  1  2  3  4  5  6  7  8  9 |
---------------+----------------------------+-----
Staves         | 4 5 7 |  7.6
Fighting       | 3 5 7 9 |  9.1
Invocations    | 2 5 |  5.0
Dodging        | 5 7 |  7.2
Throwing       | |  1.7
Stealth        | |  0.4

Action                   |  1- 3 |  4- 6 |  7- 9 || total
-------------------------+-------+-------+-------++-------
Melee: Quarterstaff      |   100 |   207 |   364 ||   671
       Tailslap          |     6 |    21 |    56 ||    83
Throw: Throwing net      |       |       |     3 ||     3
Invok: Upheaval          |       |       |     2 ||     2
 Abil: Breathe Lightning |       |       |    14 ||    14
  Use: Scroll            |     7 |     4 |     9 ||    20
       Potion            |       |       |     9 ||     9
 Stab: Sleeping          |     3 |       |       ||     3
  Eat: Chunk             |       |     6 |    17 ||    23
       Beef jerky        |       |     1 |       ||     1
       Pizza             |       |       |     1 ||     1
Armor: Skin              |    38 |    62 |   108 ||   208
Dodge: Dodged            |    78 |   114 |   201 ||   393
Block: Other             |       |     5 |    51 ||    56
